[Event "92nd St. Petersburg-ch Men 2019"]
[Site "Sankt Petersburg"]
[Date "2019.04.11"]
[Round "11.1"]
[White "Vlasenko, Miroslav"]
[Black "Lobanov, Sergei"]
[Result "1-0"]
[ECO "E32"]
[WhiteElo "2410"]
[BlackElo "2528"]
[Annotator "ChessBase"]
[PlyCount "150"]
[EventDate "2019.04.01"]
[EventType "tourn"]
[EventCountry "RUS"]
[SourceTitle "playchess.com"]
[Source "ChessBase"]
[SourceQuality "1"]
[TimeControl "40/5400+30:1800+30"]

1. d4 Nf6 2. c4 e6 3. Nc3 Bb4 4. Qc2 O-O 5. a3 Bxc3+ 6. Qxc3 b6 7. Bg5 Bb7 8. e3 h6 9. Bh4 c5 10. dxc5 bxc5 11. Nf3 g5 12. Bg3 Ne4 13. Qc2 f5 14. Bd3 Qa5+ 15. Ke2 Nc6 16. b4 Qd8 17. Bxe4 fxe4 18. Nd2 d5 19. bxc5 Ba6 20. Rhd1 Na5 21. Kf1 Nxc4 22. Kg1 Qf6 23. Nxe4 dxe4 24. Qa4 Nb2 25. Qxa6 Nxd1 26. Rxd1 Rad8 27. Rc1 h5 28. Qe2 h4 29. Bd6 Rf7 30. h3 Rb7 31. c6 Rb6 32. Qc2 Rb2 33. Qxe4 Qxf2+ 34. Kh1 Qf5 35. c7 Rc8 36. Qc4 Qd5 37. Qxd5 exd5 38. Be5 Rb3 39. Rc5 Kf7 40. Rxd5 Ke8 41. Bd6 Rxe3 42. Rxg5 Kd7 43. Rd5 Re4 44. Kg1 Kc6 45. Rd3 Re2 46. Bf4 Ra2 47. Rc3+ Kd7 48. Rd3+ Kc6 49. Bd6 a5 50. Rd4 Rg8 51. Kf1 Kb7 52. Bf4 Rc8 53. a4 Rb2 54. Bd6 Kc6 55. g4 hxg3 56. Bxg3 Rb4 57. Rg4 Rf8+ 58. Ke2 Rh8 59. Ke3 Kd7 60. Rg7+ Kc8 61. h4 Rxa4 62. h5 Ra1 63. Rg5 a4 64. Ra5 Kd7 65. Ra7 Rc8 66. h6 a3 67. Be5 Rh1 68. Bf4 Re8+ 69. Kf2 Ra1 70. Kg2 a2 71. h7 Rb1 72. Rxa2 Rd1 73. Rb2 Ra1 74. Rd2+ Kc6 75. Rc2+ Kd5 1-0

[Event "92nd St. Petersburg-ch Men 2019"]
[Site "Sankt Petersburg"]
[Date "2019.04.11"]
[Round "11.2"]
[White "Duzhakov, Ilya"]
[Black "Shubin, Kirill"]
[Result "1-0"]
[ECO "E18"]
[WhiteElo "2397"]
[BlackElo "2391"]
[Annotator "NA"]
[PlyCount "103"]
[EventDate "2019.04.01"]
[EventType "tourn"]
[EventCountry "RUS"]
[SourceTitle "playchess.com"]
[Source "ChessBase"]
[SourceQuality "1"]
[TimeControl "40/5400+30:1800+30"]

1. d4 e6 2. Nf3 Nf6 3. c4 b6 4. g3 Bb7 5. Bg2 Be7 6. O-O O-O 7. Re1 Na6 8. Nc3 Ne4 {[%emt 0:00:13] E18: Queen's Indian: Old Main Line (4 g3 Bb7 5 Bg2 Be7 6 0-0 0-0 7 Nc3)} 9. Nxe4 Bxe4 10. Ne5 Bxg2 11. Kxg2 c5 12. d5 Bf6 13. Nf3 exd5 14. cxd5 d6 {[%emt 0:00:13] [#]} 15. Qb3 $146 ({Predecessor:} 15. e4 Re8 16. Rb1 {1-0 (51) Wojtaszek,R (2711)-Duda,J (2557) Warsaw 2013}) 15... Qd7 16. a4 Rac8 17. Bd2 c4 18. Qc2 Rfe8 19. Bc3 Bxc3 20. Qxc3 f5 21. b3 cxb3 22. Qxb3 Re4 23. e3 Rb4 24. Qd1 Nc5 25. a5 b5 26. Nd4 Ne4 27. Nc6 Rc4 28. Rc1 Rc5 29. f3 $11 Nf6 30. Qd4 Rc7 31. Rxc5 dxc5 32. Qxc5 Qxd5 33. Ne7+ Rxe7 34. Qxe7 Qd2+ 35. Kf1 Qxh2 36. Qe6+ Kf8 37. Qxf5 Qh1+ 38. Kf2 Qh2+ 39. Kf1 Qh1+ 40. Ke2 Qg2+ 41. Kd1 Qxg3 42. Qf4 Qg2 43. e4 Ke7 44. Qe3 Qb2 45. e5 Qb1+ 46. Ke2 Qc2+ 47. Kf1 Nd5 48. Qxa7+ Ke6 49. Qa6+ Kf5 50. Qxb5 Qd2 51. e6 Kf6 52. e7 1-0

[Event "92nd St. Petersburg-ch Men 2019"]
[Site "Sankt Petersburg"]
[Date "2019.04.11"]
[Round "11.3"]
[White "Golikov, Daniil"]
[Black "Lesovoi, Evgenij"]
[Result "1/2-1/2"]
[ECO "A13"]
[WhiteElo "2298"]
[BlackElo "2305"]
[Annotator "NA"]
[PlyCount "80"]
[EventDate "2019.04.01"]
[EventType "tourn"]
[EventCountry "RUS"]
[SourceTitle "playchess.com"]
[Source "ChessBase"]
[SourceQuality "1"]
[TimeControl "40/5400+30:1800+30"]

1. c4 Nf6 2. Nc3 c5 3. Nf3 e6 4. e3 Be7 5. Be2 {[%emt 0:05:33] LiveBook: 4 Games} O-O 6. O-O d5 7. cxd5 Nxd5 8. Qc2 Nc6 9. a3 b6 10. b3 Bb7 11. Bb2 Rc8 {[%emt 0:00:21] A13: English Opening: 1...e6} 12. Rfd1 (12. Rac1 Nxc3 13. Bxc3 Bf6 14. Qb2 Bxc3 15. Rxc3 Qe7 16. Rb1 e5 17. d3 a5 18. Rcc1 f5 19. Nd2 {½-½ (55) Grigoriants,S (2532)-Frolyanov,D (2487) Moscow 2004}) 12... Bf6 13. Ne4 Bxb2 14. Qxb2 Nf6 $146 ({Predecessor:} 14... Qe7 15. d3 Rfd8 16. Rac1 e5 17. g4 Rc7 18. h3 Qe6 19. Kh2 {0-1 (44) Smirnov,N (2229)-Pugachov,A (2427) Vitebsky 2006}) 15. Nxf6+ Qxf6 16. Qxf6 gxf6 17. d4 cxd4 18. Nxd4 Nxd4 19. Rxd4 Rfd8 20. Rxd8+ Rxd8 21. Rd1 Rxd1+ 22. Bxd1 f5 23. g3 Kf8 24. Kf1 Ke7 25. Ke2 a5 26. Kd3 Kd6 27. b4 axb4 28. axb4 h6 29. f4 f6 30. Kd4 Ba6 31. Bf3 Bb5 32. Bg2 Ba6 33. Bf3 $11 Bb5 34. Bg2 Ba6 35. Bf3 Bb5 36. Bg2 Ba6 37. Bf3 Bb5 38. Bg2 Ba6 39. Bf3 Bb5 40. Bg2 Ba6 {[%emt 0:00:00] Ke4 [%clk 0:00:00] Ke5+} 1/2-1/2